 Dungeon Crawl Stone Soup version 0.30-a0-585-g93115170b9 (console) character file.

Game seed: 8768688587840968319

58277 jejorda2 the Impaler (level 14, -3/172 HPs)
             Began as a Merfolk Berserker on Jan 1, 2023.
             Was a High Priest of Trog.
             Slain by a deep troll simulacrum (7 damage)
             ... in an ice cave.
             The game lasted 00:47:37 (19840 turns).

jejorda2 the Impaler (Merfolk Berserker)           Turns: 19840, Time: 00:47:38

Health: -3/172     AC: 21    Str: 21    XL:     14   Next: 89%
Magic:  14/14      EV:  9    Int:  7    God:    Trog [*****.]
Gold:   1721       SH:  0    Dex: 14    Spells: 13/13 levels left

rFire   x x .      SeeInvis .    a - +2 glaive (heavy)
rCold   + + .      Faith    +    (shield currently unavailable)
rNeg    . . .      Spirit   .    E - +0 plate armour
rPois   .          Reflect  .    x - +0 helmet
rElec   .          Harm     .    H - +1 cloak
rCorr   .          Rampage  .    r - +2 pair of gloves
Will    +....                    U - +0 pair of boots {Stlth+} Stlth
                                 u - amulet of faith
HPRegen 0.48/turn                B - ring of ice
MPRegen 0.14/turn                L - ring of ice

@: berserking (expiring), slowed
A: (nimble swimmer 2), mertail
a: Renounce Religion, Berserk, Trog's Hand, Brothers in Arms


You were in an ice cave.
You worshipped Trog.
Trog was extremely pleased with you.
You visited 2 branches of the dungeon, and saw 19 of its levels.
You also visited: Ice Cave.

You collected 1967 gold pieces.
You spent 246 gold pieces at shops.

Inventory:

Hand Weapons
 a - a +2 heavy glaive (weapon)
 b - a +4 spear of freezing
Missiles
 i - 6 javelins
 j - 24 boomerangs
 l - 36 poisoned darts (quivered)
 y - a curare-tipped dart
 A - 2 silver boomerangs
 Q - 3 atropa-tipped darts
Armour
 r - a +2 pair of gloves (worn)
 x - a +0 helmet (worn)
 E - a +0 plate armour (worn)
 H - a +1 cloak (worn)
 U - a +0 pair of boots of stealth (worn)
Jewellery
 u - an amulet of faith (around neck)
 v - the ring "Desocky" {Wiz rPois MP+9}
   (You found it on level 10 of the Dungeon)

   [ring of wizardry]

   It improves your spell success rate.
   rPois:     It protects you from poison.
   MP:        It affects your magic capacity (+9).
 B - a ring of ice (left hand)
 L - a ring of ice (right hand)
 P - a +4 ring of protection
Wands
 m - a wand of light (18)
 p - a wand of paralysis (11)
 s - a wand of flame (35)
 D - a wand of digging (13)
 I - a wand of mindburst (13)
 K - a wand of roots (6)
 R - a wand of polymorph (6)
Scrolls
 c - 18 scrolls of teleportation
 g - 3 scrolls of magic mapping
 F - a scroll of butterflies
 M - a scroll of fog
 O - 3 scrolls of fear
Potions
 d - a potion of ambrosia
 e - 7 potions of curing
 h - 4 potions of mutation
 n - 4 potions of magic
 q - 5 potions of heal wounds
 w - 7 potions of flight
 z - 5 potions of resistance
 C - 5 potions of attraction
 G - a potion of cancellation
 N - 2 potions of haste
Miscellaneous
 V - a condenser vane


   Skills:
 - Level 12.0 Fighting
 - Level 19.8(20.0) Polearms
 - Level 2.3(8.9) Staves
 + Level 12.5 Throwing
 * Level 7.4 Armour
 + Level 7.9 Dodging
 + Level 6.8 Evocations


You had 13 spell levels left.
You didn't know any spells.
Your spell library was empty.

Dungeon Overview and Level Annotations

Branches:
Dungeon (14/15)            Temple (0/1) D:5            Lair (5/5) D:11
  Swamp (0/4) Lair:2       Spider (0/4) Lair:2        Slime (0/5) Lair:5
    Orc (0/2) D:9          Vaults (0/5) D:14          IceCv (1/1)

Altars:
Gozag
Hepliaklqana
Kikubaaqudgha
Nemelex Xobeh
Trog
Vehumet
Wu Jian
Xom
Yredelemnul
Jiyva

Shops:
D:2 (   D:4 (   D:6 *

Annotations:
D:4 1 runed translucent door, lunkers's ghost, amateur MeRe
D:9 1 runed translucent door, wormed's ghost, journeyman DgHu
D:12 4 runed translucent doors


Innate Abilities, Weirdness & Mutations

((You are very nimble when in or above water. (Stealth+, EV+, Speed+++)))
Your lower body shifts to a powerful aquatic tail in water.


Message History

The ice devil barely misses you.
You cut the dire elephant simulacrum into ribbons!!!
The dire elephant simulacrum vaporises!
Trog accepts your kill.
The ice devil hits you but does no damage. x2
You slash the dire elephant simulacrum!
The dire elephant simulacrum is moderately damaged.
The ice devil hits you! The ice devil freezes you. You resist.
The ice devil barely misses you.
The dire elephant simulacrum tramples you!
* * * LOW HITPOINT WARNING * * *
You hold your ground!
The dire elephant simulacrum trunk-slaps you but does no damage.
You chop the dire elephant simulacrum into pieces!!!
The dire elephant simulacrum vaporises!
Trog accepts your kill. The ice devil hits you.
* * * LOW HITPOINT WARNING * * *
The ice devil freezes you. You resist.
* * * LOW HITPOINT WARNING * * *
The ice devil hits you but does no damage.
You barely miss the deep troll simulacrum.
The deep troll simulacrum is severely damaged.
The ice devil hits you.
* * * LOW HITPOINT WARNING * * *
The ice devil freezes you. You resist.
* * * LOW HITPOINT WARNING * * *
The ice devil hits you.
* * * LOW HITPOINT WARNING * * *
The ice devil freezes you. You resist.
* * * LOW HITPOINT WARNING * * *
The deep troll simulacrum bites you but does no damage.
The deep troll simulacrum claws you.
* * * LOW HITPOINT WARNING * * *
The deep troll simulacrum freezes you! You resist.
* * * LOW HITPOINT WARNING * * *
The deep troll simulacrum claws you.
* * * LOW HITPOINT WARNING * * *
The deep troll simulacrum freezes you! You resist.
You die...

#..# #... ##.... ####
#..... #### ##..##
#....Z# ##.Z#####....##
.......##Z44Z##.......#
......4...#@......∩.∩.#
.....Z.ZZ###..........#
#.....Z### ##..##....##
#.....# ######..##
#..... #### ##... ##..
##


You could see 2 ice devils, 2 lindwurm simulacra and a deep troll simulacrum.

Vanquished Creatures
  3 fire dragons
  Fannar (Lair:1)
  3 hydras
  2 centaur warriors
  6 two-headed ogres
  2 dancing weapons (D:14)
  4 death yaks (Lair:2)
  5 boulder beetles
  Amaemon (D:8)
  Lodul (D:11)
  2 skeletal warriors (D:13)
  A swamp dragon (Lair:5)
  Pikel (D:5)
  An orc knight (D:13)
  A harpy (shapeshifter) (D:13)
  A deep elf pyromancer (D:13)
  A spriggan simulacrum (IceCv)
  3 ugly things
  A lindwurm (Lair:3)
  3 manticores
  A salamander (shapeshifter) (D:13)
  3 elephants (Lair:4)
  2 cyclopes (D:12)
  9 black mambas
  An orange demon (D:8)
  2 gargoyles
  2 rime drakes
  2 torpor snails
  6 cane toads
  An unseen horror (shapeshifter) (D:13)
  2 freezing wraiths (IceCv)
  12 komodo dragons
  A meliai (D:13)
  3 trolls
  14 blink frogs (Lair:4)
  2 polar bears
  A wolf spider simulacrum (D:13)
  5 dream sheep
  Sigmund (D:2)
  A slime creature (D:13)
  2 jumping spiders (Lair:2)
  A centaur simulacrum (D:13)
  4 wyverns
  3 shadows
  6 basilisks
  3 wraiths
  3 dire elephant simulacra (IceCv)
  Eustachio (D:5)
  36 yaks
  2 redbacks (Lair:2)
  4 steam dragons
  A harpy simulacrum (IceCv)
  2 swamp worms (Lair:2)
  5 vampire mosquitoes
  4 acid dragons
  11 water moccasins
  3 orc warriors
  3 sky beasts
  2 swamp drakes (Lair:5)
  5 black bears
  Pargi (D:4)
  An alligator simulacrum (IceCv)
  8 ogres (D:11)
  7 centaurs
  A phantom (D:4)
  5 kobold brigands
  9 bullfrogs
  A gnoll sergeant (D:8)
  5 wights (D:7)
  A hornet simulacrum (D:13)
  5 jellies
  6 killer bees (D:9)
  11 electric eels
  A howler monkey (D:4)
  An orc priest (D:12)
  2 hounds (D:5)
  A gnoll bouda (D:8)
  11 iguanas
  8 orc wizards
  15 gnolls
  3 adders
  3 worms
  A dart slug (D:3)
  28 orcs
  7 ball pythons
  2 bats (D:1)
  7 endoplasms
  5 giant cockroaches
  13 goblins
  12 hobgoblins
  5 quokkas
  2 frilled lizards
  23 kobolds
  2 rats
428 creatures vanquished.

Vanquished Creatures (collateral kills)
  A lindwurm (Lair:2)
  A lava snake (Lair:2)
2 creatures vanquished.

Vanquished Creatures (others)
  8 fungi
  20 plants
  2 withered plants (D:4)
30 creatures vanquished.

Grand Total: 460 creatures vanquished

Notes
Turn   | Place    | Note
-------+----------+-------------------------------------------
     0 | D:1      | jejorda2 the Merfolk Berserker began the quest for the Orb.
     0 | D:1      | Reached XP level 1. HP: 18/18 MP: 1/1
   278 | D:1      | Reached XP level 2. HP: 20/24 MP: 2/2
   642 | D:1      | Reached XP level 3. HP: 29/29 MP: 3/3
   694 | D:1      | Reached ** piety under Trog
  1067 | D:2      | Found Pitepp's Weapon Emporium.
  1075 | D:2      | Bought 2 poisoned darts for 8 gold pieces
  1167 | D:2      | Noticed Sigmund
  1177 | D:2      | Killed Sigmund
  1178 | D:2      | Reached skill level 6 in Polearms
  1178 | D:2      | Reached skill level 1 in Staves
  1178 | D:2      | Reached XP level 4. HP: 37/37 MP: 4/4
  1178 | D:2      | Reached XP level 5. HP: 42/42 MP: 5/5
  1641 | D:3      | Reached XP level 6. HP: 27/49 MP: 6/6
  2070 | D:3      | Found a radiant altar of Vehumet.
  2071 | D:3      | Found a bloodstained altar of Trog.
  2075 | D:3      | Found a hazy altar of Hepliaklqana.
  2683 | D:4      | Found Heuf's Antique Weapon Emporium.
  2767 | D:4      | Noticed Pargi
  2777 | D:4      | Killed Pargi
  2778 | D:4      | Reached skill level 7 in Polearms
  2778 | D:4      | Reached XP level 7. HP: 55/55 MP: 7/7
  2884 | D:4      | Reached skill level 5 in Dodging
  2889 | D:4      | Found a sparkling altar of Nemelex Xobeh.
  2935 | D:4      | Found a runed translucent door.
  2936 | D:4      | Noticed lunkers's ghost (amateur MeRe)
  2961 | D:4      | Reached skill level 5 in Fighting
  2999 | D:4      | Reached *** piety under Trog
  3121 | D:4      | Reached skill level 8 in Polearms
  3196 | D:4      | Found an ornate altar of the Wu Jian Council.
  3478 | D:5      | Entered Level 5 of the Dungeon
  3630 | D:5      | Noticed Pikel
  3640 | D:5      | Killed Pikel
  3641 | D:5      | Reached skill level 10 in Polearms
  3641 | D:5      | Reached XP level 8. HP: 33/64 MP: 8/8
  3771 | D:5      | Found a staircase to the Ecumenical Temple.
  3819 | D:5      | Noticed Eustachio
  3837 | D:5      | Killed Eustachio
  3838 | D:5      | Reached skill level 11 in Polearms
  4455 | D:5      | Reached XP level 9. HP: 67/69 MP: 9/9
  4604 | D:5      | Reached skill level 12 in Polearms
  5111 | D:6      | Found Kuaqaw's Assorted Antiques.
  5131 | D:6      | Bought a scroll labelled ISMOST URUU for 28 gold pieces
  5131 | D:6      | Bought a scroll labelled KUMIPLISUR for 28 gold pieces
  5131 | D:6      | Bought 2 scrolls labelled GAPLOT EMIS for 56 gold pieces
  5131 | D:6      | Bought a helmet for 126 gold pieces
  5198 | D:6      | Reached **** piety under Trog
  5778 | D:7      | Noticed a gargoyle
  5787 | D:7      | Killed a gargoyle
  5788 | D:7      | Reached skill level 13 in Polearms
  6013 | D:7      | Noticed a troll
  6025 | D:7      | Killed a troll
  6026 | D:7      | Reached skill level 1 in Throwing
  6282 | D:7      | Reached skill level 14 in Polearms
  6383 | D:7      | Reached XP level 10. HP: 76/76 MP: 10/10
  7493 | D:8      | Noticed Amaemon
  7493 | D:8      | Noticed an orange demon
  7500 | D:8      | Killed Amaemon
  7501 | D:8      | Reached skill level 15 in Polearms
  7504 | D:8      | Killed an orange demon
  7504 | D:8      | Reached ***** piety under Trog
  7587 | D:8      | Found a basalt altar of Yredelemnul.
  8475 | D:9      | Noticed a two-headed ogre
  8482 | D:9      | Killed a two-headed ogre
  8534 | D:9      | Found a runed translucent door.
  8534 | D:9      | Noticed wormed's ghost (journeyman DgHu)
  8549 | D:9      | Noticed a two-headed ogre
  8555 | D:9      | Killed a two-headed ogre
  8556 | D:9      | Reached skill level 16 in Polearms
  8745 | D:9      | Found an opulent altar of Gozag.
  8807 | D:9      | Found an ancient bone altar of Kikubaaqudgha.
  8891 | D:9      | Found a staircase to the Orcish Mines.
  9086 | D:9      | Reached skill level 5 in Armour
  9099 | D:9      | Reached skill level 5 in Throwing
  9099 | D:9      | Reached XP level 11. HP: 81/81 MP: 11/11
  9160 | D:10     | Entered Level 10 of the Dungeon
  9160 | D:10     | Noticed a two-headed ogre
  9168 | D:10     | Identified the ring "Desocky" {Wiz rPois MP+9}
  9916 | D:10     | Killed a two-headed ogre
 10123 | D:11     | Noticed a green ugly thing
 10126 | D:11     | Killed a green ugly thing
 10219 | D:11     | Reached skill level 17 in Polearms
 10269 | D:11     | Noticed Lodul
 10291 | D:11     | Killed Lodul
 10465 | D:11     | Noticed a two-headed ogre
 10471 | D:11     | Killed a two-headed ogre
 10632 | D:11     | Reached XP level 12. HP: 72/91 MP: 12/12
 10701 | D:11     | Found a staircase to the Lair.
 10812 | Lair:1   | Entered Level 1 of the Lair of Beasts
 11357 | Lair:1   | Noticed Fannar
 11375 | Lair:1   | Killed Fannar
 11906 | Lair:2   | Noticed a death yak
 11906 | Lair:2   | Noticed a death yak
 11935 | Lair:2   | Noticed a death yak
 11937 | Lair:2   | Noticed a death yak
 11941 | Lair:2   | Killed a death yak
 11944 | Lair:2   | Killed a death yak
 11945 | Lair:2   | Reached skill level 18 in Polearms
 11948 | Lair:2   | Killed a death yak
 11949 | Lair:2   | Reached skill level 10 in Throwing
 11952 | Lair:2   | Killed a death yak
 12030 | Lair:2   | Found a staircase to the Swamp.
 12034 | Lair:2   | Received a gift from Trog
 12333 | Lair:2   | Found a hole to the Spider Nest.
 12421 | Lair:2   | Found a runed translucent door.
 12766 | Lair:2   | Found a runed translucent gate.
 12766 | Lair:2   | Found a runed translucent gate.
 12766 | Lair:2   | Found a runed translucent gate.
 12766 | Lair:2   | Found a runed translucent gate.
 12766 | Lair:2   | Found a runed translucent gate.
 12766 | Lair:2   | Found a runed translucent gate.
 12766 | Lair:2   | Noticed a boulder beetle
 12766 | Lair:2   | Noticed a boulder beetle
 12781 | Lair:2   | Killed a boulder beetle
 12782 | Lair:2   | Killed a boulder beetle
 12787 | Lair:2   | Reached XP level 13. HP: 60/101 MP: 13/13
 14229 | Lair:4   | Reached skill level 19 in Polearms
 14287 | Lair:4   | Noticed a fire dragon
 14293 | Lair:4   | Killed a fire dragon
 14560 | Lair:4   | Reached skill level 10 in Fighting
 15490 | Lair:5   | Entered Level 5 of the Lair of Beasts
 15561 | Lair:5   | Reached skill level 1 in Evocations
 16190 | Lair:5   | Reached XP level 14. HP: 91/113 MP: 14/14
 16804 | Lair:5   | Received a gift from Trog
 16805 | Lair:5   | Reached skill level 5 in Evocations
 17026 | Lair:5   | Found a viscous altar of Jiyva.
 17035 | Lair:5   | Found a staircase to the Slime Pits.
 17921 | D:12     | Found a huge runed translucent gate.
 17921 | D:12     | Found a huge runed translucent gate.
 17921 | D:12     | Found a huge runed translucent gate.
 17921 | D:12     | Found a huge runed translucent gate.
 19243 | D:13     | Found a shimmering altar of Xom.
 19245 | D:13     | Found a shimmering altar of Xom.
 19245 | D:13     | Found a shimmering altar of Xom.
 19245 | D:13     | Found a shimmering altar of Xom.
 19250 | D:13     | Found a shimmering altar of Xom.
 19668 | D:14     | Found a gate to the Vaults.
 19701 | D:14     | Found a frozen archway.
 19705 | IceCv    | Entered an ice cave
 19840 | IceCv    | HP: 4/172 [deep troll simulacrum (5)]
 19840 | IceCv    | Slain by a deep troll simulacrum

Illustrated notes

Levels and vault maps discovered:
D:1:      tarquinn_simple_flora_water_d, layout_loops_ring, minmay_3d_cube
D:2:      layout_loops_cross, serial_shops, nicolae_shop_bloodbath_and_beyond,
          uniq_sigmund
D:3:      layout_basic, minitemple
D:4:      layout_gridville, marbit_many_paths, nzn_wu_jian_contemplation,
          gammafunk_ghost_grave, serial_shops, shop, uniq_pargi
D:5:      layout_basic, temple_green, kennysheep_minor_cross, uniq_eustachio,
          uniq_pikel
D:6:      layout_loops_ring, serial_shops, kennysheep_little_box, corexii_shack,
          water_maze_lemuel
D:7:      kennysheep_big_flooded_room, layout_basic
D:8:      layout_basic, mainiacjoe_overflow_paths, uniq_amaemon
D:9:      layout_rooms, grunt_gozag_breadcrumbs,
          nicolae_kikubaaqudgha_miasma_corner, orc_0_dummy,
          gammafunk_ghost_grave
D:10:     layout_loops_ring, nicolae_fountain_basement
D:11:     layout_roguey, david_lair_generic, uniq_lodul
D:12:     lemuel_bear_cage, layout_small_grid, serial_bayou,
          serial_bayou_pond_a, serial_bayou_pond_d, serial_bayou_shore_b,
          serial_bayou_pond_d, serial_bayou_pond_b, chequers_mini_garden
D:13:     minmay_triangles_in_corner, layout_irregular_city, xom_redecorated
D:14:     layout_roguey, erik_vaults_1, portal_ice_cave_entry_pillars_four,
          infiniplex_staircase_pool_2
Lair:1:   layout_roguey, uniq_fannar
Lair:2:   gammafunk_indiana_jones, layout_gridlike, minmay_swamp_entry_worms,
          spider_nest_entry_web_field, serial_bayou_shore_a
Lair:3:   layout_gridlike
Lair:4:   dragon1_lemuel, layout_hall_layers, grunt_megastairs_5
Lair:5:   guppyfry_lair_end_dragon, layout_layer_cave,
          nicolae_slime_entry_slimehenge, nicolae_lair_grove_arrangements
IceCv:    ice_cave_small_necro

Skill      XL: |  1  2  3  4  5  6  7  8  9 10 11 12 13 14 |
---------------+-------------------------------------------+-----
Dodging        | 3 4 6 7 |  7.9
Fighting       | 4 6 7 9 11 12 | 12.0
Polearms       | 6 7 10 11 14 16 17 18 19 | 19.8
Staves         | 1 2 |  2.3
Armour         | 3 5 6 7 |  7.4
Throwing       | 2 5 8 10 12 | 12.5
Evocations     | 3 6 |  6.8

Action                   |  1- 3 |  4- 6 |  7- 9 | 10-12 | 13-15 || total
-------------------------+-------+-------+-------+-------+-------++-------
Melee: Spear             |    98 |       |       |     9 |    29 ||   136
       Halberd           |       |   127 |   221 |   392 |       ||   740
       Glaive            |       |       |       |    25 |   409 ||   434
       Tailslap          |       |       |       |     2 |     7 ||     9
Throw: Boomerang         |       |     3 |       |     9 |    54 ||    66
       Stone             |       |     2 |     3 |    29 |       ||    34
       Javelin           |       |       |       |     5 |       ||     5
       Dart              |       |       |       |       |    20 ||    20
Invok: Berserk           |     1 |     2 |     3 |    10 |     8 ||    24
       Trog's Hand       |     1 |       |     3 |     5 |     3 ||    12
       Brothers in Arms  |       |       |       |     1 |       ||     1
Evoke: Wand              |       |       |     1 |     1 |       ||     2
  Use: Scroll            |       |       |    17 |    12 |     2 ||    31
       Potion            |       |       |     1 |     1 |       ||     2
 Stab: Sleeping          |     1 |       |       |       |       ||     1
       Invisible         |       |       |       |     1 |       ||     1
Armor: Ring mail         |     7 |    32 |       |       |       ||    39
       Animal skin       |     1 |       |       |       |       ||     1
       Chain mail        |       |       |    90 |    31 |       ||   121
       Plate armour      |       |       |       |   156 |   240 ||   396
Dodge: Dodged            |    28 |    68 |    73 |   124 |   139 ||   432

Table legend: (Time is in decaauts)
 A = Elapsed time spent in this place.
 B = Non-inter-level travel time spent in this place.
 C = Inter-level travel time spent in this place.
 D = Time resting spent in this place.
 E = Time spent auto-exploring this place.
 F = Levels seen in this place.
 G = Mean time per level.
                   A        B        C        D        E       F      G
               +--------+--------+--------+--------+--------+-----+--------+
         Total |  19935 |  19021 |    914 |   2479 |  13438 |  20 |  996.8 |
       Dungeon |  13065 |  12473 |    592 |   1614 |   8756 |  14 |  933.2 |
          Lair |   6732 |   6410 |    322 |    771 |   4672 |   5 | 1346.4 |
      Ice Cave |    137 |    137 |      0 |     94 |     10 |   1 |  137.0 |
               +--------+--------+--------+--------+--------+-----+--------+

Top non-repeatable levels by time:
  Lair:5: 1850 daAuts
  Lair:4: 1611 daAuts
     D:7: 1538 daAuts
     D:8: 1217 daAuts
  Lair:2: 1201 daAuts
  Lair:3: 1119 daAuts
     D:5: 1091 daAuts
     D:3: 1081 daAuts
     D:6: 1048 daAuts
    D:13: 1002 daAuts
    D:12: 988 daAuts
  Lair:1: 950 daAuts
    D:11: 922 daAuts
     D:1: 921 daAuts
     D:4: 877 daAuts
